 Dungeon Crawl Stone Soup version 0.29-a0-866-g0545e20025 (webtiles) character file.

Game seed: 7836703704856171652

196 Malachi the Skirmisher (level 5, -2/43 HPs)
             Began as a Gnoll Hunter on July 17, 2022.
             Slain by a gnoll
             ... wielding a +0 spear
              (3 damage)
             ... on level 2 of the Dungeon.
             The game lasted 00:03:21 (2246 turns).

Malachi the Skirmisher (Gnoll Hunter)               Turns: 2246, Time: 00:03:21

Health: -2/43      AC:  6    Str: 10    XL:     5   Next: 75%
Magic:  7/7        EV: 14    Int: 13    God:
Gold:   133        SH:  0    Dex: 18    Spells: 7/7 levels left

rFire   x . .      SeeInvis .   a - +0 shortbow
rCold   . . .      Faith    .   (shield currently unavailable)
rNeg    . . .      Spirit   .   c - +0 leather armour
rPois   .          Reflect  .   s - +2 helmet of Lucidity {Harm Fly rF- Int+5}
rElec   .          Harm     +   m - scarf {repulsion}
rCorr   .          Rampage  .   (no gloves)
Will    .....                   (no boots)
Stlth   ++........              (no amulet)
HPRegen 0.14/turn               (no ring)
MPRegen 0.10/turn               (no ring)

@: flying, repel missiles
A: fangs 1, strong nose, distributed training
a: no special abilities


You were on level 2 of the Dungeon.
You visited 1 branch of the dungeon, and saw 3 of its levels.

You collected 133 gold pieces.

Inventory:

Hand Weapons
 a - a +0 shortbow (weapon)
 t - a +2 short sword of venom
Missiles
 g - 4 poisoned darts
 l - 3 javelins
Armour
 c - a +0 leather armour (worn)
 m - a scarf of repulsion (worn)
 s - the +2 helmet of Lucidity (worn) {Harm Fly rF- Int+5}
   (You took it off Robin on level 2 of the Dungeon)

   Int:       It affects your intelligence (+5).
   rF:        It makes you vulnerable to fire.
   Fly:       It grants you flight.
   Harm:      It increases damage dealt and taken.
Magical Staves
 h - a staff of poison
Scrolls
 b - 2 scrolls of immolation
 d - 2 scrolls of identify
 i - a scroll of noise
 j - 2 scrolls of enchant weapon {unknown}
 k - a scroll of torment {unknown}
 o - a scroll of vulnerability {unknown}
Potions
 e - a potion of lignification {unknown}
 f - 2 potions of attraction {unknown}
 n - a potion of might {unknown}
 p - a potion of degeneration {unknown}
 q - a potion of flight {unknown}
 r - a potion of brilliance {unknown}


   Skills:
 + Level 4.9 Fighting
 + Level 1.7 Short Blades
 + Level 1.7 Long Blades
 + Level 1.7 Axes
 + Level 1.7 Maces & Flails
 + Level 1.7 Polearms
 + Level 1.7 Staves
 + Level 8.7 Ranged Weapons
 + Level 1.7 Throwing
 + Level 1.7 Armour
 + Level 4.9 Dodging
 + Level 2.9 Stealth
 + Level 1.7 Shields
 + Level 1.7 Unarmed Combat
 + Level 1.7 Spellcasting
 + Level 1.3 Conjurations
 + Level 1.3 Hexes
 + Level 1.3 Summonings
 + Level 1.3 Necromancy
 + Level 1.3 Translocations
 + Level 1.3 Transmutations
 + Level 1.3 Fire Magic
 + Level 1.3 Ice Magic
 + Level 1.3 Air Magic
 + Level 1.3 Earth Magic
 + Level 1.3 Poison Magic
 + Level 1.9 Invocations
 + Level 1.7 Evocations


You had 7 spell levels left.
You didn't know any spells.
Your spell library was empty.

Dungeon Overview and Level Annotations

Branches:
Dungeon (3/15)

Altars:


Innate Abilities, Weirdness & Mutations

You have very sharp teeth.
Your uncanny sense of smell can sniff out nearby items.
Your experience applies equally to all skills.


Message History

You shoot an arrow. The arrow barely misses the gnoll.
A gnoll comes into view. It is wielding a +0 spear.
You shoot an arrow. The arrow hits the gnoll!
The gnoll is severely wounded.
You shoot an arrow. The arrow barely misses the gnoll.
The gnoll barely misses you. The gnoll misses you.
The gnoll hits you but does no damage. The gnoll hits you with a +0 flail.
You shoot an arrow. The arrow barely misses the gnoll.
The gnoll closely misses you. The gnoll barely misses you.
The gnoll hits you from afar with a +0 spear.
You shoot an arrow. The arrow hits the gnoll!
You kill the gnoll!
The gnoll hits you from afar with a +0 spear.
The gnoll hits you with a +0 flail!
You shoot an arrow. The arrow closely misses the gnoll.
The gnoll hits you but does no damage. The gnoll closely misses you.
You shoot an arrow. The arrow closely misses the gnoll.
The gnoll barely misses you. x2
You shoot an arrow. The arrow hits the gnoll.
The gnoll is heavily wounded.
The gnoll hits you from afar with a +0 spear.
The gnoll barely misses you.
You shoot an arrow. The arrow closely misses the gnoll.
The gnoll hits you with a +0 flail!
* * * LOW HITPOINT WARNING * * *
The gnoll hits you but does no damage.
You are too injured to fight recklessly!
You are too injured to fight recklessly!
You are too injured to fight recklessly!
The gnoll attacks as you move away! The gnoll hits you with a +0 flail.
* * * LOW HITPOINT WARNING * * *
The gnoll attacks as you move away! The gnoll hits you with a +0 flail!
* * * LOW HITPOINT WARNING * * *
As you read the scroll labelled DIEKEPPIOGO, it crumbles to dust.
It is a scroll of identify.
i - a scroll of noise The gnoll hits you with a +0 flail.
* * * LOW HITPOINT WARNING * * *
The gnoll hits you from afar with a +0 spear.
You die...

....####....######.#.#
.......'.............∆
....####...........#.
....######'#######..
....'...............
....######.#######.#
..).....##.# #.#####
....###.##.#######g...)#
#...÷...##......@g...#.#
#..#######..########.#)#
#....<# #.....#...#.#.#
....#######.#..#.#.#.#..
∆
....#.......#.##.#.#.###
.#....####.......#<#.#
...........##.######.#
.....................#
#..........#...##.####


You could see 2 gnolls.

Vanquished Creatures
  An orc priest (D:3)
  Robin (D:2)
  3 gnolls
  3 adders
  A dart slug (D:1)
  8 orcs (D:3)
  6 ball pythons
  6 bats
  7 endoplasms
  5 giant cockroaches
  14 goblins
  8 hobgoblins
  5 jackals
  2 quokkas
  2 frilled lizards (D:1)
  4 kobolds
  5 rats
81 creatures vanquished.

Vanquished Creatures (others)
  8 plants (D:1)
8 creatures vanquished.

Grand Total: 89 creatures vanquished

Notes
Turn   | Place    | Note
-------+----------+-------------------------------------------
     0 | D:1      | Malachi the Gnoll Hunter began the quest for the Orb.
     0 | D:1      | Reached XP level 1. HP: 20/20 MP: 1/1
    71 | D:1      | Reached XP level 2. HP: 26/26 MP: 2/2
   269 | D:1      | Reached XP level 3. HP: 31/31 MP: 3/3
   368 | D:1      | Reached skill level 1 in Invocations
   557 | D:1      | Reached skill level 1 in Short Blades
   557 | D:1      | Reached skill level 1 in Long Blades
   557 | D:1      | Reached skill level 1 in Axes
   557 | D:1      | Reached skill level 1 in Maces & Flails
   557 | D:1      | Reached skill level 1 in Polearms
   557 | D:1      | Reached skill level 1 in Staves
   557 | D:1      | Reached skill level 1 in Throwing
   557 | D:1      | Reached skill level 1 in Armour
   557 | D:1      | Reached skill level 1 in Shields
   557 | D:1      | Reached skill level 1 in Unarmed Combat
   557 | D:1      | Reached skill level 1 in Spellcasting
   557 | D:1      | Reached skill level 1 in Evocations
  1057 | D:2      | Reached XP level 4. HP: 24/38 MP: 5/5
  1290 | D:3      | Found a faded altar of an unknown god.
  1301 | D:3      | Reached skill level 1 in Conjurations
  1301 | D:3      | Reached skill level 1 in Hexes
  1301 | D:3      | Reached skill level 1 in Summonings
  1301 | D:3      | Reached skill level 1 in Necromancy
  1301 | D:3      | Reached skill level 1 in Translocations
  1301 | D:3      | Reached skill level 1 in Transmutations
  1301 | D:3      | Reached skill level 1 in Fire Magic
  1301 | D:3      | Reached skill level 1 in Ice Magic
  1301 | D:3      | Reached skill level 1 in Air Magic
  1301 | D:3      | Reached skill level 1 in Earth Magic
  1301 | D:3      | Reached skill level 1 in Poison Magic
  1405 | D:3      | Reached XP level 5. HP: 43/43 MP: 5/7
  1671 | D:3      | Identified the +9 dagger of the Chickpea {vorpal, rN+
                  | Str+2}
  2073 | D:2      | Identified the +2 helmet of Lucidity {Harm Fly rF- Int+5}
  2073 | D:2      | Noticed Robin
  2077 | D:2      | Killed Robin
  2243 | D:2      | HP: 2/43 [gnoll/+0 flail (8)]
  2246 | D:2      | Slain by a gnoll

Illustrated notes

Levels and vault maps discovered:
D:1:      saegor_arrival_simple_c, layout_loops_ring, serial_bayou_lake_a
D:2:      layout_basic, basic_altar, minmay_quantized, uniq_robin
D:3:      minmay_angry_zag, layout_basic, ebering_ecumenical_altar_box,
          hangedman_decor_points

Skill      XL: |  1  2  3  4 |
---------------+-------------+-----
Invocations    | 1 |  1.9
Short Blades   | 1 |  1.7
Long Blades    | 1 |  1.7
Axes           | 1 |  1.7
Maces & Flails | 1 |  1.7
Polearms       | 1 |  1.7
Staves         | 1 |  1.7
Throwing       | 1 |  1.7
Armour         | 1 |  1.7
Shields        | 1 |  1.7
Unarmed Combat | 1 |  1.7
Spellcasting   | 1 |  1.7
Evocations     | 1 |  1.7
Conjurations   | 1 |  1.3
Hexes          | 1 |  1.3
Summonings     | 1 |  1.3
Necromancy     | 1 |  1.3
Translocations | 1 |  1.3
Transmutations | 1 |  1.3
Fire Magic     | 1 |  1.3
Ice Magic      | 1 |  1.3
Air Magic      | 1 |  1.3
Earth Magic    | 1 |  1.3
Poison Magic   | 1 |  1.3
Fighting       | |  4.9
Ranged Weapons | |  8.7
Dodging        | |  4.9
Stealth        | |  2.9

Action                   |  1- 3 |  4- 6 || total
-------------------------+-------+-------++-------
 Fire: Shortbow          |    97 |   108 ||   205
  Use: Scroll            |       |     1 ||     1
Armor: Leather armour    |    12 |    16 ||    28
Dodge: Dodged            |    24 |    40 ||    64

Table legend: (Time is in decaauts)
 A = Elapsed time spent in this place.
 B = Non-inter-level travel time spent in this place.
 C = Inter-level travel time spent in this place.
 D = Time resting spent in this place.
 E = Time spent auto-exploring this place.
 F = Levels seen in this place.
 G = Mean time per level.
                   A        B        C        D        E       F      G
               +--------+--------+--------+--------+--------+-----+--------+
         Total |   2300 |   2133 |    167 |      0 |   1672 |   3 |  766.7 |
       Dungeon |   2300 |   2133 |    167 |      0 |   1672 |   3 |  766.7 |
               +--------+--------+--------+--------+--------+-----+--------+

Top non-repeatable levels by time:
     D:1: 1034 daAuts
     D:3: 833 daAuts
     D:2: 432 daAuts
